 Dungeon Crawl Stone Soup version 0.24-a0-70-gf44d0c5 (webtiles) character file.

Game seed: 7675047059956058811

112 Halfwit the Conjurer (level 4, 0/34 HPs)
             Began as a Draconian Conjurer on Feb 6, 2019.
             Slain by a worker ant (2 damage)
             ... on level 4 of the Dungeon.
             The game lasted 00:04:21 (2325 turns).

Halfwit the Conjurer (Draconian Conjurer)           Turns: 2325, Time: 00:04:22

Health: 0/34       AC:  5    Str: 11    XL:     4   Next: 63%
Magic:  0/8        EV: 11    Int: 15    God:
Gold:   202        SH:  3    Dex: 12    Spells: 3/8 levels left

rFire    . . .     SeeInvis .   k - +2 hand axe (chop)
rCold    . . .     Gourm    .   f - +0 buckler
rNeg     . . .     Faith    .   (armour unavailable)
rPois    .         Spirit   .   (helmet restricted)
rElec    .         Reflect  .   (no cloak)
rCorr    .         Harm     .   (no gloves)
MR       .....                  (no boots)
Stlth    ++........             (no amulet)
HPRegen  0.11/turn              (no ring)
MPRegen  0.11/turn              (no ring)

@: lethally poisoned (0 -> -2)
A: unfitting armour, cold-blooded, AC +5
a: no special abilities


You were on level 4 of the Dungeon.
You were not hungry.

You visited 1 branch of the dungeon, and saw 4 of its levels.

You collected 202 gold pieces.

Inventory:

Hand Weapons
 e - a +0 mace
 k - a +2 hand axe of chopping (weapon)
Armour
 f - a +0 buckler (worn)
Jewellery
 i - a cursed ring of attention {unknown}
 p - an uncursed ring of poison resistance {unknown}
 u - an uncursed ring of protection from cold {unknown}
Scrolls
 a - 2 scrolls of teleportation {unknown}
 d - a scroll of blinking {unknown}
 m - a scroll of amnesia {unknown}
 o - a scroll of magic mapping {unknown}
 r - a scroll of noise {unknown}
 s - 2 scrolls of remove curse {unknown}
Potions
 c - 2 potions of curing {unknown}
 g - 2 potions of heal wounds {unknown}
 h - a potion of might {unknown}
 j - a potion of degeneration {unknown}
 l - a potion of flight {unknown}
 n - a potion of agility {unknown}
 t - a potion of mutation {unknown}
Comestibles
 b - 3 rations


   Skills:
 + Level 0.6 Fighting
 + Level 1.0 Axes
 - Level 1.7 Dodging
 - Level 1.7 Stealth
 + Level 0.4 Shields
 + Level 2.8 Spellcasting
 + Level 5.2 Conjurations


You had 3 spell levels left.
You knew the following spells:

 Your Spells              Type           Power        Failure   Level  Hunger
a - Magic Dart            Conj           ###.         3%          1    #......
b - Iskenderun's Mystic   Conj           ###.....     34%         4    #####..

Your spell library contained the following spells:

 Spells                   Type           Power        Failure   Level  Hunger
 Searing Ray              Conj           ###...       5%          2    ##.....
 Dazzling Spray           Conj/Hex       ##....       32%         3    ###....
 Force Lance              Conj/Tloc      ##......     71%         4    #####..
 Fulminant Prism          Conj/Hex       ##........   71%         4    #####..


Dungeon Overview and Level Annotations

Branches:
Dungeon (4/15)
 Temple: D:4-7

Altars:


Innate Abilities, Weirdness & Mutations

Your plain brown scales are hard. (AC +5)
You cannot fit into any form of body armour.
You are cold-blooded and may be slowed by cold attacks.


Message History

Unknown command.
Casting: Magic Dart (safe; 3% risk of failure)
Confirm with . or Enter, or press ? or * to list all spells.
Aiming: Magic Dart (safe; 3% risk of failure)
Press: ? - help, Shift-Dir - straight line, f/p - worker ant
Aim: a worker ant (severely wounded)
The magic dart hits the worker ant but does no damage.
The worker ant is severely wounded.
The worker ant bites you.
* * * LOW HITPOINT WARNING * * *
Casting: Magic Dart (safe; 3% risk of failure)
Confirm with . or Enter, or press ? or * to list all spells.
Aiming: Magic Dart (safe; 3% risk of failure)
Press: ? - help, Shift-Dir - straight line, f/p - worker ant
Aim: a worker ant (severely wounded)
The magic dart hits the worker ant.
The worker ant is almost dead.
* * * LOW HITPOINT WARNING * * *
You feel sick. The worker ant bites you.
You die...

#.<# #.# #..# #.#
#..# #.#
######..####.#####
#................
#.####..####.#.##
#........#.#
#####.#....########
#.##...@a.....#
#.###.#######.# #.#
#.# #.# #.# ..# #.#
### #.# #.. ...


You could see a worker ant.

Vanquished Creatures
  A hound (D:3)
  An orc wizard (D:3)
  An ooze (D:1)
  2 leopard geckos (D:3)
  2 orcs (D:3)
  5 bats
  2 giant cockroaches
  5 goblins
  6 hobgoblins
  4 jackals (D:1)
  2 quokkas (D:3)
  3 frilled lizards
  4 kobolds
  7 rats
45 creatures vanquished.

Notes
Turn   | Place    | Note
-------+----------+-------------------------------------------
     0 | D:1      | Halfwit the Draconian Conjurer began the quest for the Orb.
     0 | D:1      | Reached XP level 1. HP: 14/14 MP: 3/3
    12 | D:1      | Noticed an electric eel
   181 | D:1      | Reached XP level 2. HP: 20/20 MP: 0/5
   948 | D:2      | Reached XP level 3. HP: 23/26 MP: 6/6
  1379 | D:3      | Reached skill level 5 in Conjurations
  1396 | D:3      | Reached XP level 4. HP: 13/33 MP: 5/8
  1586 | D:3      | Learned a level 4 spell: Iskenderun's Mystic Blast
  1659 | D:3      | Reached skill level 1 in Axes
  2325 | D:4      | Slain by a worker ant

Vault maps used:
D:1:      arrival_aquarium_a, layout_rooms
D:2:      layout_basic
D:3:      layout_basic, kennysheep_boxes
D:4:      layout_loops_ring, first_ration, elyvilon_altar_4, uniq_eustachio

Skill      XL: |  1  2  3  4 |
---------------+-------------+-----
Conjurations   | 5 |  5.2
Axes           | 1 |  1.0
Fighting       | |  0.6
Dodging        | |  1.7
Stealth        | |  1.7
Shields        | |  0.4
Spellcasting   | |  2.8

Action                   |  1- 3 |  4- 6 || total
-------------------------+-------+-------++-------
Melee: Mace              |    27 |       ||    27
       Tailslap          |     4 |     2 ||     6
       Hand axe          |    23 |    38 ||    61
 Cast: Magic Dart        |    33 |     8 ||    41
 Stab: Sleeping          |       |     2 ||     2
  Eat: Chunk             |     2 |     3 ||     5
Armor: Skin              |    20 |    17 ||    37
Dodge: Dodged            |    37 |    27 ||    64
Block: Buckler           |     6 |       ||     6

Table legend:
 A = Non-vault XP
 B = Vault XP
 C = Vault XP percentage of total XP
 D = Non-vault monster count
 E = Vault monster count
 F = Vault count percentage of total count
                 A         B        C        D         E       F
            +---------+---------+-------+---------+---------+-------
      Total |     160 |       0 |   0.0 |      45 |       0 |   0.0
            +---------+---------+-------+---------+---------+-------
        D:1 |      39 |       0 |   0.0 |      20 |       0 |   0.0
        D:2 |       5 |       0 |   0.0 |       4 |       0 |   0.0
        D:3 |     116 |       0 |   0.0 |      21 |       0 |   0.0
            +---------+---------+-------+---------+---------+-------
